AoeStats
← Rentarō-san

Arabia

509318535Analyzed
1v1 RM · 5d ago on Sep 26, 2026· 49m 12s· 2 players
Game mode
Random Map
Map size
Tiny (2 player)
Population
200
Speed
Normal
Resources
Standard
Victory
Conquest
Starting age
Dark Age
Ending age
Imperial Age
RankedLock teamsTeams togetherTeam positionsShared explorationLock speedFull tech treeHidden civsTurbo modeCheats
Victory
Defeat
🇩🇪 Saxons · Germany
870
+16
🇦🇹 Byzantines · Austria
872
-16
TAFKAP
6:51 Loom
9:21 Feudal Age
10:07 Double-Bit Axe
11:04 Man-at-Arms
15:46 Forging
15:42 Horse Collar
23:13 Castle Age
23:03 Stone Mining
26:44 Scale Mail Armor
30:07 Gold Mining
31:52 Wheelbarrow
32:09 Arson
32:27 Squires
38:07 Imperial Age
41:16 Iron Casting
40:57 Chain Mail Armor
45:07 Elite Varangian Guard
46:20 Shield Wall
Rentarō-san
5:37 Loom
11:59 Feudal Age
20:02 Castle Age
18:41 Double-Bit Axe
18:38 Horse Collar
23:41 Bow Saw
26:31 Heavy Plow
26:53 Husbandry
26:59 Scale Mail Armor
34:26 Gold Mining
39:13 Imperial Age
37:31 Wheelbarrow
36:55 Elite Skirmisher
37:52 Scale Barding Armor
40:35 Pikeman
41:16 Squires
41:02 Gambesons
40:38 Man-at-Arms
41:04 Arson
42:54 Two-Man Saw
42:26 Crop Rotation
42:36 Gold Shaft Mining
41:51 Stone Mining
42:21 Forging
42:26 Chain Mail Armor
42:32 Chain Barding Armor
42:54 Cavalier
43:11 Long Swordsman
44:15 Two-Handed Swordsman
45:42 Iron Casting
44:58 Fletching
45:40 Plate Mail Armor
49:00 Champion
50:19 Plate Barding Armor
49:39 Bodkin Arrow
Connection lost

Rejoining the realm…

Still unreachable

The connection could not be restored.

Session expired

The server has moved on; the page needs a fresh start.